 Dungeon Crawl Stone Soup version 0.15.2 (webtiles) character file.

1080 kae the Martial Artist (level 8, -3/59 HPs)
             Began as a Red Draconian Transmuter on Feb 2, 2015.
             Was a Follower of Sif Muna.
             Succumbed to Duvessa's poison
             ... on Level 5 of the Dungeon.
             The game lasted 00:06:37 (4396 turns).

kae the Martial Artist (Red Draconian Transmuter)   Turns: 4396, Time: 00:06:37

HP  -3/59        AC  2     Str 17      XL: 8   Next:  8%
MP  11/13        EV 19     Int 14      God: Sif Muna [*.....]
Gold 279         SH  0     Dex 19      Spells:  3 memorised,  5 levels left

rFire  . . .     SeeInvis .       - Unarmed
rCold  . . .     Clarity  .     (armour unavailable)
rNeg   . . .     rCorr    .     (shield currently unavailable)
rPois  x         rRot     .     (helmet currently unavailable)
rElec  .         Spirit   .     v - melded +0 cloak
SustAb .         Warding  .     p - melded +0 pair of gloves
rMut   .         Stasis   .     (boots currently unavailable)
Gourm  .                        (no amulet)
MR     .....                    g - ring of wizardry
                                l - +5 ring of strength

@: lethally poisoned, spider-form (expiring), not resistant to hostile
enchantments, unstealthy
A: (breathe fire), unfitting armour, (fire resistance 0), (cold-blooded), AC +6
a: End Transformation, Channel Energy, Renounce Religion


You were on level 5 of the Dungeon.
You worshipped Sif Muna.
Sif Muna was aware of your devotion.
You were hungry.
You were in spider-form.
You visited 1 branch of the dungeon, and saw 5 of its levels.

You collected 279 gold pieces.

Inventory:

Missiles
 b - 52 arrows
 G - 13 poisoned arrows
Armour
 p - a +0 pair of gloves (melded)
 v - a +0 cloak (melded)
Magical devices
 o - a wand of teleportation (3) {unknown}
Comestibles
 a - 3 bread rations
 f - 18 fruits
 n - a slice of pizza
 x - 3 meat rations
 z - a beef jerky
Scrolls
 c - 2 scrolls of fog
 e - 6 scrolls of remove curse
 i - 2 scrolls of teleportation
 r - a scroll of identify
Jewellery
 g - a ring of wizardry (right front leg)
 k - a +3 ring of protection
 l - a +5 ring of strength (left front leg)
 t - an uncursed ring of teleportation
 w - an uncursed ring of protection from cold
 y - an uncursed ring of fire
 D - an uncursed ring of flight
 E - a cursed ring of see invisible
Potions
 h - a potion of mutation
 j - a potion of haste
 q - a potion of restore abilities
 s - 2 potions of poison
 u - a potion of flight {unknown}
 A - a potion of cure mutation
 B - a potion of brilliance
 F - a potion of invisibility
Books
 d - a book of Changes

   Spells                             Type                      Level
   *Beastly Appendage                 Transmutation                1
   *Sticks to Snakes                  Transmutation                2
   *Spider Form                       Transmutation/Poison         3
   Ice Form                           Ice/Transmutation            4
   Blade Hands                        Transmutation                5


   Skills:
 - Level 1.1 Fighting
 - Level 1.7 Dodging
 * Level 8.4 Unarmed Combat
 - Level 2.0 Spellcasting
 + Level 5.7 Transmutations


You had 5 spell levels left.
You knew the following spells:

 Your Spells              Type           Power        Failure   Level  Hunger
a - Beastly Appendage     Trmt           ###...       4%          1    ##.....
b - Sticks to Snakes      Trmt           ###.......   4%          2    ###....
c - Spider Form           Trmt/Pois      #.........   21%         3    ####...


Dungeon Overview and Level Annotations

Branches:
Dungeon (5/15)
 Temple: D:4-7

Altars:
Ashenzari
Dithmenos
Fedhas
Kikubaaqudgha
Makhleb
Nemelex Xobeh
Qazlal
Sif Muna
Vehumet
Zin
The Shining One

Annotations:
D:4 Natasha
D:5 Dowan


Innate Abilities, Weirdness & Mutations

((You can breathe blasts of fire.))
((Your fiery red scales are hard (AC +6).))
Your body does not fit into most forms of armour.
((Your flesh is heat resistant.))
((Your cold-blooded metabolism reacts poorly to cold.))


Message History

You feel very sick. Dowan gestures at you while chanting.
The puff of flame hits you!
* * * LOW HITPOINT WARNING * * *
Duvessa zaps a wand.
The puff of frost hits you!
* * * LOW HITPOINT WARNING * * *
You barely miss Dowan.
Dowan is moderately wounded.
* * * LOW HITPOINT WARNING * * *
You feel very sick.
You kill Duvessa!
Dowan screams, "No!
No!"
Dowan seems to find hidden reserves of power!
Dowan barely misses you. Dowan completely misses you.
Unknown command.
Read which item? (? for menu, Esc to quit)
As you read the scroll of fear, it crumbles to dust.
You assume a fearsome visage.
Dowan looks frightened!
The centaur zombie is unaffected.
You die...

#........#
#........#
#...>....#
#....... # #######
# # #
############### #
.......Zse....# #
#############.####
# ..........).# #
########.##.#
#.##.# #.##.#
#.##.#
..##.########
####.........


You could see Dowan (fleeing) and a centaur zombie.

Vanquished Creatures
  Eustachio (D:5)
  Menkaure (D:4)
  A phantom (D:4)
  Duvessa (D:5)
  A scorpion (D:5)
  A hound (D:5)
  2 crimson imps (D:5)
  2 orc priests
  An iron imp (D:5)
  2 iguanas
  An orc wizard (D:4)
  Natasha (D:4)
  4 worker ants
  10 adders
  3 gnolls (D:3)
  4 worms
  A shadow imp (D:3)
  An adder zombie (D:3)
  2 orc zombies
  A giant gecko (D:1)
  10 orcs
  15 bats
  A bat skeleton (D:4)
  3 giant cockroaches (D:3)
  7 goblins
  17 hobgoblins
  2 jackals (D:4)
  9 kobolds
  A quokka (D:5)
  5 giant newts
  A hobgoblin zombie (D:3)
  An orc skeleton (D:4)
  11 rats
  A rat skeleton (D:4)
125 creatures vanquished.

Notes
Turn   | Place    | Note
--------------------------------------------------------------
     0 | D:1      | kae, the Draconian Transmuter, began the quest for the Orb.
     0 | D:1      | Reached XP level 1. HP: 16/16 MP: 3/3
   346 | D:1      | Reached XP level 2. HP: 23/23 MP: 2/4
   745 | D:2      | Reached skill level 4 in Unarmed Combat
   745 | D:2      | Reached XP level 3. HP: 10/28 MP: 6/6
  1203 | D:2      | Learned a level 2 spell: Sticks to Snakes
  1207 | D:2      | Learned a level 3 spell: Spider Form
  1436 | D:3      | Reached XP level 4. HP: 31/35 MP: 7/7
  1487 | D:3      | Found a radiant altar of Vehumet.
  1491 | D:3      | Found a deep blue altar of Sif Muna.
  1536 | D:3      | Found a glowing golden altar of the Shining One.
  1537 | D:3      | Found a shattered altar of Ashenzari.
  1537 | D:3      | Found a burning altar of Makhleb.
  1538 | D:3      | Found a stormy altar of Qazlal.
  1539 | D:3      | Found a blossoming altar of Fedhas.
  1559 | D:3      | Found a sparkling altar of Nemelex Xobeh.
  1588 | D:3      | Became a worshipper of Sif Muna the Loreminder
  1752 | D:3      | Reached skill level 5 in Unarmed Combat
  1860 | D:3      | Reached XP level 5. HP: 35/40 MP: 9/9
  2568 | D:4      | Noticed Natasha
  2579 | D:4      | Killed Natasha
  2579 | D:4      | Reached XP level 6. HP: 35/47 MP: 10/10
  2739 | D:4      | Noticed a phantom
  2763 | D:4      | Killed a phantom
  2763 | D:4      | Reached skill level 6 in Unarmed Combat
  2863 | D:4      | Noticed Menkaure
  2873 | D:4      | Killed Menkaure
  3062 | D:4      | Your scales start taking on a fiery red colour.
  3062 | D:4      | Gained mutation: Your flesh is heat resistant. [draconian maturity]
  3062 | D:4      | Reached XP level 7. HP: 52/52 MP: 10/12
  3075 | D:4      | Noticed Natasha
  3227 | D:4      | Found a glowing silver altar of Zin.
  3227 | D:4      | Found a shadowy altar of Dithmenos.
  3228 | D:4      | Found an ancient bone altar of Kikubaaqudgha.
  3461 | D:5      | Entered Level 5 of the Dungeon
  3502 | D:5      | Reached skill level 7 in Unarmed Combat
  3790 | D:5      | Reached skill level 5 in Transmutations
  4345 | D:5      | Noticed Eustachio
  4373 | D:5      | Killed Eustachio
  4373 | D:5      | Acquired Sif Muna's first power
  4373 | D:5      | Reached skill level 8 in Unarmed Combat
  4373 | D:5      | Reached XP level 8. HP: 49/59 MP: 13/13
  4380 | D:5      | Noticed Duvessa
  4382 | D:5      | Noticed Dowan
  4393 | D:5      | HP: 2/59 [poisoned by Duvessa]
  4395 | D:5      | Killed Duvessa
  4396 | D:5      | Succumbed to Duvessa's poison

Action                   |  1- 3 |  4- 6 |  7- 9 || total
-------------------------+-------+-------+-------++-------
Melee: Unarmed           |   123 |   218 |   148 ||   489
 Cast: Beastly Appendage |    13 |    12 |     9 ||    34
       Spider Form       |       |       |     1 ||     1
  Use: Scroll            |     6 |       |    11 ||    17
       Potion            |       |       |     1 ||     1
 Stab: Sleeping          |       |     1 |     1 ||     2
  Eat: Chunk             |     1 |     6 |     5 ||    12
